AoeStats
← alex2005procop

Arena

518217841Analyzed
4v4 RM · 14d ago on Nov 2, 2026· 13m 33s· 8 players
Game mode
Random Map
Map size
Large (8 player)
Population
200
Speed
Normal
Resources
Standard
Victory
Conquest
Starting age
Dark Age
Ending age
Imperial Age
RankedLock teamsTeams togetherTeam positionsShared explorationLock speedFull tech treeHidden civsTurbo modeCheats
Victory
Defeat
🇭🇰 Persians · Hong Kong SAR China
874
+14
🇷🇴 Cumans · Romania
853
+15
🇨🇭 Turks · Switzerland
826
+16
🇸🇪 Celts · Sweden
768
+18
vs
🇨🇳 Franks · China
848
-17
🇹🇼 Berbers · Taiwan
824
-16
🇦🇷 Teutons · Argentina
823
-16
🇮🇳 Mongols · India
783
-14
ScareCroW
jacky
mamdala4973
0:27 Loom
锅里放水
monneyce
10:22 Feudal Age
10:23 Loom
boboy
10:50 Feudal Age
9:38 Loom
15:33 Castle Age
ssk.simon
0:41 Loom
alex2005procop
0:28 Loom
10:07 Feudal Age
Connection lost

Rejoining the realm…

Still unreachable

The connection could not be restored.

Session expired

The server has moved on; the page needs a fresh start.